 Dungeon Crawl Stone Soup version 0.32-a0-779-g362cfcae2a (webtiles) character file.

Game seed: 375850838975316575

105 zenocrate the Sneak (level 4, -2/29 HPs)
             Began as an Octopode Earth Elementalist on Mar 19, 2024.
             Slain by a goblin
             ... wielding a +0 dagger
             ... led by Robin
              (5 damage)
             ... on level 3 of the Dungeon.
             The game lasted 00:02:32 (1825 turns).

zenocrate the Sneak (Octopode Earth Elementalist)   Turns: 1825, Time: 00:02:33

Health: -2/29      AC:  3    Str:  7    XL:     4   Next: 83%
Magic:  7/7        EV: 12    Int: 17    God:
Gold:   83         SH:  0    Dex: 12    Spells: 0/7 levels left

rFire   . .          .
                       - Unarmed
rCold   . . .        (no shield)
rNeg    . . .        (helmet restricted)
rPois   .            (no amulet)
rElec   .            (no ring)
rCorr   .            (no ring)
SInv    .            (no ring)
Will    .....        (no ring)
Stlth   +++          (no ring)
HPRegen 0.24/turn    (no ring)
MPRegen 0.10/turn    (no ring)
                     (no ring)

%: no passive effects
@: no status effects
A: almost no armour, amphibious, 8 rings, camouflage 1, gelatinous body 1,
(nimble swimmer 1), tentacles, iridescent scales 1, dopey 1
a: no special abilities


You were on level 3 of the Dungeon.
You visited 1 branch of the dungeon, and saw 3 of its levels.

You collected 83 gold pieces.

Inventory:

Armour
 m - an orb of mayhem
Wands
 k - a wand of polymorph (12)
Scrolls
 b - a scroll of fog
 c - 2 scrolls of torment
 d - a scroll of poison {unknown}
 e - a scroll of immolation {unknown}
 f - a scroll of blinking {unknown}
 g - a scroll of revelation {unknown}
 j - a scroll of teleportation {unknown}
Potions
 a - a potion of magic
 l - a potion of brilliance {unknown}
 n - a potion of attraction {unknown}
 o - a potion of curing {unknown}
 p - a potion of degeneration {unknown}
 q - a potion of might {unknown}


   Skills:
 + Level 1.9 Fighting
 + Level 2.8 Dodging
 + Level 3.9 Stealth
 + Level 1.7 Unarmed Combat
 - Level 2.0 Spellcasting
 - Level 1.0 Conjurations
 - Level 3.0 Earth Magic
 * Level 1.2 Evocations


You couldn't memorise any spells.
You knew the following spells:

 Your Spells              Type           Power      Damage    Failure   Level
a - Sandblast             Erth           22%        2d7       5%          1
b - Stone Arrow           Conj/Erth      16%        3d8       26%         3
c - Ozocubu's Armour      Ice            1%         N/A       50%         3

Your spell library contained the following spells:

 Spells                   Type           Power      Damage    Failure   Level
 Passwall                 Erth           11%        N/A       17%         3
 Fugue of the Fallen      Necr           1%         N/A       50%         3
 Brom's Barrelling Bould  Conj/Erth      8%         2d3       63%         4
 Petrify                  Alch/Erth      6%         N/A       71%         4
 Manifold Assault         Tloc           1%         N/A       88%         4


Dungeon Overview and Level Annotations

Branches:
Dungeon (3/15)

Altars:

Annotations:
D:3 Robin


Innate Abilities, Weirdness & Mutations

You cannot wear most types of armour.
You are amphibious.
You can wear up to eight rings at the same time.
Your skin changes colour to match your surroundings (Stealth+).
Your rubbery body absorbs attacks. (AC +1, EV +1)
((You are camouflaged when in or above water. (Stealth+)))
You have tentacles for arms and can constrict up to eight enemies at once.
You are partially covered in iridescent scales. (AC +2)
You are dopey. (Int -2)


Message History

A giant cockroach comes into view.
You tentacle-slap the goblin. Your grab misses the goblin.
The goblin is moderately wounded.
The hobgoblin hits you. The goblin closely misses you.
The goblin barely misses you.
You tentacle-slap the goblin. Your grab misses the goblin.
The goblin is severely wounded.
The hobgoblin barely misses you. The goblin hits you with a +0 dagger.
The goblin closely misses you.
You tentacle-slap the goblin.
You kill the goblin!
The hobgoblin closely misses you. The goblin hits you with a +0 dagger.
Robin throws the goblin at you!
Unknown command.
You tentacle-slap the goblin. Your grab misses the goblin.
Your tentacle-slap misses the goblin.
The goblin is heavily wounded.
Robin says, "My goblins will feast on your bones."
The hobgoblin hits you.
* * * LOW HITPOINT WARNING * * *
The goblin closely misses you.
A goblin comes into view. It is wielding a +0 club.
The goblin hits you with a +0 dagger.
* * * LOW HITPOINT WARNING * * *
Unknown command.
Okay, then.
Okay, then.
It was a potion of mutation.
You feel extremely strange.
Iridescent scales grow over part of your body.
You feel stupid.
The hobgoblin hits you but does no damage.
The goblin misses you. The goblin completely misses you.
It was a potion of cancellation.
You feel magically purged. The hobgoblin barely misses you.
The goblin barely misses you. The goblin misses you.
As you read the scroll labelled ZUS PATUUCW, it dissolves into smoke.
It was a scroll of fog.
The hobgoblin hits you.
* * * LOW HITPOINT WARNING * * *
The goblin hits you with a +0 dagger.
You die...

#.# #.#...###
#.####.......#
#............#
######....>..#
#.....#.#
##.#...# #
#..##.##
#######.#.##
#g@g§....#
#g###.#.......


ggB #....##### #.#. #.#..# #.#. ..#..# # ## .##.$# #. #..# .. ..# You could see
Robin, a giant cockroach, a hobgoblin (strong) and 2 goblins.

Vanquished Creatures
  A gnoll (D:1)
  3 adders (D:2)
  4 ribbon worms (D:2)
  3 dart slugs
  A bat (D:2)
  2 endoplasms
  2 giant cockroaches
  8 goblins
  8 hobgoblins
  2 jackals (D:2)
  A kobold (D:1)
  3 quokkas
  4 ball pythons (D:1)
  4 frilled lizards
  6 rats
52 creatures vanquished.

Notes
Turn   | Place    | Note
-------+----------+-------------------------------------------
     0 | D:1      | zenocrate the Octopode Earth Elementalist began the quest
                  | for the Orb.
     0 | D:1      | Reached XP level 1. HP: 11/11 MP: 3/3
   137 | D:1      | Reached XP level 2. HP: 14/18 MP: 5/5
   199 | D:1      | Found a faded altar of an unknown god.
   310 | D:1      | Reached skill level 1 in Fighting
   310 | D:1      | Reached skill level 1 in Unarmed Combat
   421 | D:1      | Reached XP level 3. HP: 23/23 MP: 6/6
   425 | D:1      | Learned a level 3 spell: Stone Arrow
  1199 | D:2      | Reached XP level 4. HP: 23/28 MP: 7/7
  1259 | D:2      | Reached skill level 1 in Evocations
  1459 | D:2      | Learned a level 3 spell: Ozocubu's Armour
  1815 | D:3      | Noticed Robin
  1823 | D:3      | Gained mutation: You are partially covered in iridescent
                  | scales. (AC +2) [potion of mutation]
  1823 | D:3      | Gained mutation: You are dopey. (Int -2) [potion of
                  | mutation]
  1825 | D:3      | Slain by a goblin

Illustrated notes

Levels and vault maps discovered:
D:1:      nagdon_arrival_zigzag_paths, layout_loops_ring, serial_rivers,
          chequers_serial_rivers_small_b, chequers_serial_rivers_room_a,
          chequers_serial_rivers_micro_e, chequers_serial_rivers_micro_e,
          chequers_serial_rivers_room_b, chequers_ecumenical_altar_simple_redux,
          bh_walls_and_bars
D:2:      layout_basic, minmay_three_crescents
D:3:      layout_loops_ring, uniq_robin

Skill      XL: |  1  2  3  4 |
---------------+-------------+-----
Stealth        | 3 |  3.9
Fighting       | 1 |  1.9
Unarmed Combat | 1 |  1.7
Evocations     | 1 |  1.2
Dodging        | |  2.8
Spellcasting   | |  2.0
Conjurations   | |  1.0
Earth Magic    | |  3.0

Action                     |  1- 3 |  4- 6 || total
---------------------------+-------+-------++-------
  Melee: Unarmed           |    69 |    48 ||   117
         Constrict         |    26 |    14 ||    40
         Tentacles         |    20 |    11 ||    31
         Punch             |     1 |     1 ||     2
   Cast: Sandblast         |     4 |       ||     4
    Use: Scroll            |     1 |     1 ||     2
         Potion            |       |     2 ||     2
   Stab: Sleeping          |     8 |     3 ||    11
 Armour: Skin              |    29 |    24 ||    53
  Dodge: Dodged            |    33 |    34 ||    67

Table legend: (Time is in decaauts)
 A = Elapsed time spent in this place.
 B = Non-inter-level travel time spent in this place.
 C = Inter-level travel time spent in this place.
 D = Time resting spent in this place.
 E = Time spent auto-exploring this place.
 F = Levels seen in this place.
 G = Mean time per level.
                   A        B        C        D        E       F      G
               +--------+--------+--------+--------+--------+-----+--------+
         Total |   1824 |   1748 |     76 |      0 |   1401 |   3 |  608.0 |
       Dungeon |   1824 |   1748 |     76 |      0 |   1401 |   3 |  608.0 |
               +--------+--------+--------+--------+--------+-----+--------+

Top non-repeatable levels by time:
     D:1: 967 daAuts
     D:2: 793 daAuts
     D:3: 63 daAuts
